 Dungeon Crawl Stone Soup version 0.29-a0-271-gd4eb659eea (webtiles) character file.

Game seed: 7439682577180926841

7371 brobrobrille the Destroyer (level 10, -13/72 (74) HPs)
             Began as a Demonspawn Conjurer on Mar 8, 2022.
             Was an Initiate of Gozag.
             Mangled by a freezing wraith (19 damage)
             ... on level 13 of the Dungeon.
             The game lasted 00:51:12 (17225 turns).

brobrobrille the Destroyer (Demonspawn Conjurer)   Turns: 17225, Time: 00:51:13

HP:   -13/72 (74)   AC:  8    Str: 10    XL:     10   Next: 91%
MP:   20/20         EV: 12    Int: 23    God:    Gozag
Gold: 1293          SH:  0    Dex: 12    Spells: 11/22 levels left

rFire   + . .      SeeInvis .   a - +8 fustibalus "Jaudgh" {venom, rElec rCorr Str+2 Stlth+}
rCold   . . .      Faith    .   (no shield)
rNeg    . . .      Spirit   .   A - +2 robe {rF+}
rPois   .          Reflect  .   c - +0 helmet
rElec   +          Harm     .   (no cloak)
rCorr   +          Rampage  .   (no gloves)
Will    +....                   (no boots)
Stlth   +++.......              (no amulet)
HPRegen 0.22/turn               r - ring of willpower
MPRegen 0.34/turn               (no ring)

@: brilliant, about to teleport, hasted, lightly drained, very quick
A: claws 1, rugged brown scales 3, powered by death 1, magic regeneration
a: Renounce Religion, Potion Petition, Call Merchant, Bribe Branch


You were on level 13 of the Dungeon.
You worshipped Gozag.
Gozag was most pleased with you.
You visited 2 branches of the dungeon, and saw 13 of its levels.
You also visited: Ossuary.

You collected 1838 gold pieces.
You spent 440 gold pieces at shops.
You paid 105 gold pieces to Gozag.

Inventory:

Hand Weapons
 a - the +8 fustibalus "Jaudgh" (weapon) {venom, rElec rCorr Str+2 Stlth+}
   (You bought it in a shop on level 4 of the Dungeon)

   Any ammunition fired from it poisons the flesh of those it strikes.
   Str:       It affects your strength (+2).
   rElec:     It insulates you from electricity.
   rCorr:     It protects you from acid and corrosion.
   Stlth:     It makes you more stealthy.
 p - a +1 trident
 q - a +2 whip of pain
 s - a +1 dagger of venom
 z - a +1 whip of electrocution
Missiles
 u - 8 boomerangs
 w - 6 silver javelins
 y - 3 throwing nets
Armour
 c - a +0 helmet (worn)
 f - a +0 kite shield
 A - a +2 robe of fire resistance (worn)
 H - a +0 buckler
Jewellery
 r - a ring of willpower (left claw)
 D - a ring of see invisible
Wands
 j - a wand of charming (7)
 t - a wand of flame (1)
 G - a wand of mindburst (10)
Scrolls
 e - a scroll of amnesia {unknown}
 h - 3 scrolls of enchant weapon
 k - a scroll of fog {unknown}
 m - 5 scrolls of identify
 n - a scroll of teleportation
 o - a scroll of enchant armour
 B - a scroll of brand weapon {unknown}
 F - a scroll of magic mapping
 I - 3 scrolls of immolation {unknown}
 J - a scroll of blinking {unknown}
 K - a scroll of noise {unknown}
Potions
 b - a potion of magic
 d - a potion of attraction {unknown}
 g - 3 potions of lignification
 l - 3 potions of brilliance
 v - a potion of heal wounds {unknown}
 x - a potion of might
 C - a potion of invisibility {unknown}
 E - a potion of mutation


   Skills:
 - Level 3.0 Fighting
 + Level 3.4 Slings
 - Level 2.0 Armour
 - Level 3.0 Dodging
 - Level 2.0 Stealth
 - Level 4.0 Shields
 - Level 6.8 Spellcasting
 - Level 11.0 Conjurations
 - Level 4.0 Hexes
 - Level 3.0 Necromancy
 - Level 4.0 Translocations
 - Level 4.0 Evocations


You had 11 spell levels left.
You knew the following spells:

 Your Spells              Type           Power      Damage    Failure   Level
a - Magic Dart            Conj           100%       1d8       1%          1
b - Searing Ray           Conj           100%       2d8       1%          2
x - Iskenderun's Mystic   Conj/Tloc      59%        2d12      3%          4
z - Fulminant Prism       Conj/Hex       29%        3d14      3%          4

Your spell library contained the following spells:

 Spells                   Type           Power      Damage    Failure   Level
 Apportation              Tloc           78%        N/A       1%          1
 Shock                    Conj/Air       100%       1d9       1%          1
 Dazzling Flash           Conj/Hex       100%       N/A       1%          3
 Conjure Flame            Conj/Fire      50%        6-21      2%          3
 Sticky Flame             Conj/Fire      50%        2d7       8%          4
 Frozen Ramparts          Ice            22%        1d4       24%         3
 Ignite Poison            Fire/Tmut/Pois 11%        N/A       24%         3
 Ice Form                 Ice/Tmut       11%        N/A       61%         4
 Summon Ice Beast         Ice/Summ       11%        N/A       61%         4
 Alistair's Intoxication  Tmut/Pois      7%         N/A       91%         5


Dungeon Overview and Level Annotations

Branches:
Dungeon (11/15)            Temple (1/1) D:5            Lair (0/6) D:8
Ossuary (visited)
    Orc: D:9-12

Altars:
Ashenzari
Cheibriados
Dithmenos
Elyvilon
Fedhas
Gozag
Hepliaklqana
Kikubaaqudgha
Makhleb
Nemelex Xobeh
Okawaru
Qazlal
Ru
Sif Muna
Trog
Uskayaw
Vehumet
Wu Jian
Xom
Yredelemnul
Zin
The Shining One

Shops:
D:1 [   D:4 (

Annotations:
D:9 exclusions: cyclops, hydra, manticore and 1 more exclusion
D:10 Amaemon, Harold


Innate Abilities, Weirdness & Mutations

You have sharp fingernails.
You are completely covered in rugged brown scales. (AC +3, +7% HP)
You regenerate a little health from kills.
You regenerate magic rapidly.


Message History

Okay, then.
You feel clever all of a sudden. The wyvern closely misses you.
You feel yourself speed up. The wyvern bites you.
The wyvern closely misses you. Magic courses through your body.
The wyvern bites you!
The vampire points at you and mumbles some strange words.
You resist with almost no effort. The wyvern attacks as you move away!
The wyvern bites you! The wyvern attacks as you move away!
The wyvern bites you!
* * * LOW HITPOINT WARNING * * *
An orc wizard comes into view. It is wielding a +0 dagger.
The orc wizard shouts!
Unknown command.
As you read the scroll of teleportation, it crumbles to dust.
You feel strangely unstable. The wyvern barely misses you.
Okay, then.
The vampire mumbles some strange words.
The vampire flickers and vanishes!
Deactivating autopickup; reactivate with Ctrl-A.
A sourceless malevolence fills the Dungeon...
You fall into a shaft and drop 3 floors!
The shaft crumbles and collapses.
A centaur warrior and a black bear come into view.
Reactivating autopickup.
Found a plate armour and a wand of flame (14).
The black bear growls angrily.
The centaur warrior shouts!
You hear two shouts!
The centaur warrior wields a +0 shortbow.
The centaur warrior shoots an arrow.
The arrow hits you.
* * * LOW HITPOINT WARNING * * *
Your surroundings suddenly seem different.
An ettin and a freezing wraith come into view.
Found 6 javelins and 18 stones.
As you read the scroll of teleportation, it crumbles to dust.
You feel strangely unstable. The freezing wraith hits you!
* * * LOW HITPOINT WARNING * * *
The freezing wraith freezes you!!
You die...
Your body crumbles into a pile of gold.

#.. #..######
#....... $
#......# $.
#......# .#
#......###.#
#....(/..C.#
#..#@W[....#
#..##c.h...#
#..###.....##
#............
#............
#############


You could see an ettin, a centaur warrior, a freezing wraith and a black bear.

Vanquished Creatures
  Pikel (D:5)
  An unseen horror (D:7)
  2 trolls
  A shadow (D:9)
  A vampire (D:8)
  A wyvern (D:10)
  2 wraiths
  Grum (D:11)
  2 steam dragons
  An acid dragon (D:9)
  A water moccasin (D:7)
  A sky beast (D:5)
  2 ice beasts
  4 orc warriors
  5 centaurs
  2 wolves (D:11)
  2 phantoms
  4 lemures (D:5)
  A kobold brigand (D:9)
  2 gnoll sergeants
  2 scorpions
  12 wights
  4 killer bees (D:9)
  2 howler monkeys
  16 electric eels
  5 centaur zombies (Ossuary)
  A jelly (D:8)
  4 orc priests
  12 hounds
  A gnoll shaman (D:9)
  3 iguanas
  8 orc wizards
  6 mummies (Ossuary)
  23 gnolls
  6 adders
  7 white imps
  2 ufetubi
  A worm (D:1)
  A dart slug (D:2)
  35 orcs
  8 ball pythons
  6 endoplasms
  6 giant cockroaches
  9 goblins
  8 hobgoblins
  9 jackals
  4 quokkas
  8 bats
  2 frilled lizards (D:2)
  4 hobgoblin zombies (Ossuary)
  17 kobolds
  6 rats
  A bush (D:9)
276 creatures vanquished.

Vanquished Creatures (collateral kills)
  A hornet (D:8)
1 creature vanquished.

Vanquished Creatures (others)
  A bush (D:9)
  59 fulminant prisms
60 creatures vanquished.

Grand Total: 337 creatures vanquished

Notes
Turn   | Place    | Note
-------+----------+-------------------------------------------
     0 | D:1      | brobrobrille the Demonspawn Conjurer began the quest for
                  | the Orb.
     0 | D:1      | Reached XP level 1. HP: 13/13 MP: 3/3
   198 | D:1      | Found Fufryom's Armour Boutique.
   263 | D:1      | Gained mutation: You are partially covered in rugged brown
                  | scales. (AC +1, +3% HP) [demonic ancestry]
   263 | D:1      | Reached XP level 2. HP: 13/19 MP: 3/5
   361 | D:1      | Learned a level 2 spell: Searing Ray
   845 | D:1      | Found a faded altar of an unknown god.
   848 | D:1      | Got Plato's Papyrus of Feathers
   952 | D:1      | Gained mutation: You are mostly covered in rugged brown
                  | scales. (AC +2, +5% HP) [demonic ancestry]
   952 | D:1      | Reached XP level 3. HP: 19/25 MP: 2/6
  2263 | D:2      | Reached skill level 5 in Conjurations
  2263 | D:2      | Reached XP level 4. HP: 31/31 MP: 6/8
  3091 | D:3      | Found a broken altar of Ashenzari.
  3154 | D:3      | Learned a level 4 spell: Iskenderun's Mystic Blast
  3371 | D:3      | Gained mutation: You are completely covered in rugged brown
                  | scales. (AC +3, +7% HP) [demonic ancestry]
  3371 | D:3      | Reached XP level 5. HP: 31/37 MP: 5/9
  3550 | D:4      | Found Azxefeoh's Antique Weapon Shoppe.
  3821 | D:4      | Noticed a phantom
  4033 | D:4      | Reached skill level 1 in Translocations
  4252 | D:4      | Reached skill level 6 in Conjurations
  4252 | D:4      | Gained mutation: You have sharp fingernails. [demonic
                  | ancestry]
  4252 | D:4      | Reached XP level 6. HP: 43/43 MP: 1/11
  5085 | D:5      | Entered Level 5 of the Dungeon
  5116 | D:5      | Reached skill level 1 in Necromancy
  5200 | D:5      | Learned a level 4 spell: Fulminant Prism
  5232 | D:5      | Found a staircase to the Ecumenical Temple.
  5238 | Temple   | Entered the Ecumenical Temple
  5518 | Temple   | Became a worshipper of Gozag Ym Sagoz the Greedy
  5560 | D:5      | Reached XP level 7. HP: 49/49 MP: 6/12
  5903 | D:5      | Noticed Pikel
  6702 | D:4      | Reached skill level 7 in Conjurations
  7057 | D:5      | Killed Pikel
  7058 | D:5      | Reached XP level 8. HP: 46/55 MP: 2/14
  7498 | D:5      | Found a staircase to the Ecumenical Temple.
  8942 | D:7      | Reached skill level 8 in Conjurations
  9114 | D:7      | Found a flagged portal.
  9253 | D:7      | Found a sand-covered staircase.
  9261 | Ossuary  | Entered an ossuary
  9462 | Ossuary  | Reached skill level 5 in Spellcasting
 10125 | D:7      | HP: 2/55 [orc warrior/+0 morningstar (13)]
 10682 | D:7      | Gained mutation: You regenerate a little health from kills.
                  | [demonic ancestry]
 10682 | D:7      | Reached XP level 9. HP: 30/60 MP: 9/16
 11230 | D:8      | Reached skill level 9 in Conjurations
 11750 | D:8      | Noticed a troll
 11767 | D:8      | Killed a troll
 11845 | D:8      | Paralysed by a hornet for 1 turns
 11851 | D:8      | HP: 2/60 [hornet (11)]
 11853 | D:8      | Reached skill level 10 in Conjurations
 12352 | D:8      | Found a staircase to the Lair.
 13065 | D:8      | Reached skill level 11 in Conjurations
 13707 | D:7      | Gained mutation: You regenerate magic rapidly. [demonic
                  | ancestry]
 13707 | D:7      | Reached XP level 10. HP: 68/68 MP: 12/20
 13828 | D:7      | Reached skill level 1 in Evocations
 13931 | D:8      | Reached skill level 1 in Fighting
 13931 | D:8      | Reached skill level 1 in Armour
 14271 | D:4      | Bought a faintly glowing fustibalus for 440 gold pieces
 14271 | D:4      | Identified the +8 fustibalus "Jaudgh" {venom, rElec rCorr
                  | Str+2 Stlth+} (You bought it in a shop on level 4 of the
                  | Dungeon)
 15602 | D:9      | Reached skill level 1 in Shields
 16386 | D:9      | Reached skill level 1 in Slings
 16467 | D:9      | Noticed a cyclops
 16467 | D:9      | Noticed a manticore
 16467 | D:9      | Noticed a four-headed hydra
 16510 | D:10     | Entered Level 10 of the Dungeon
 16539 | D:10     | Noticed Amaemon
 16539 | D:10     | Noticed Sonja
 16547 | D:10     | Noticed an orange demon
 16884 | D:11     | Noticed Grum
 16895 | D:11     | Killed Grum
 17156 | D:10     | Noticed Sonja
 17156 | D:10     | Sonja changed into Sonja the wyvern
 17160 | D:10     | Killed Sonja the wyvern
 17204 | D:10     | Noticed Harold
 17220 | D:10     | You fall into a shaft and drop 3 floors!
 17220 | D:13     | Noticed a centaur warrior
 17223 | D:13     | Noticed an ettin
 17225 | D:13     | Mangled by a freezing wraith

Illustrated notes

Levels and vault maps discovered:
D:1:      dpeg_arrival_subterranean_lakeside_camping, layout_basic,
          serial_shops, shop_statue, shapermc_ecumenical_altar_rom_forum
D:2:      layout_rooms
D:3:      layout_basic, ashenzari_conservatory_becter
D:4:      layout_loops_ring, serial_shops, shop
D:5:      layout_basic, minmay_temple_entry_arrows, uniq_pikel
D:6:      corexii_shack_village, layout_basic
D:7:      kennysheep_big_flooded_room, layout_layer_cave, enter_bailey_2,
          chequers_ossuary_entry_cave
D:8:      layout_basic, erik_lair_island, dreamdust_princess_corridor
D:9:      minmay_gate_of_8, layout_basic, minmay_hedge_maze
D:10:     layout_big_octagon, uniq_sonja, uniq_amaemon, uniq_harold
D:11:     layout_long_grid, serial_shops, nicolae_shop_stone, uniq_gastronok,
          uniq_erica, uniq_grum
D:13:     minmay_outward_triangles, layout_loops_cross, erik_vaults_1
Temple:   regret_index_temple_sigil_plot

Skill      XL: |  1  2  3  4  5  6  7  8  9 10 |
---------------+-------------------------------+-----
Stealth        | 2 |  2.0
Dodging        | 2 3 |  3.0
Conjurations   | 5 6 7 8 11 | 11.0
Spellcasting   | 3 4 5 6 |  6.8
Translocations | 1 2 3 4 |  4.0
Necromancy     | 1 2 3 |  3.0
Hexes          | 2 3 4 |  4.0
Evocations     | 4 |  4.0
Fighting       | 3 |  3.0
Armour         | 2 |  2.0
Shields        | 4 |  4.0
Slings         | 3 |  3.4

Action                   |  1- 3 |  4- 6 |  7- 9 | 10-12 || total
-------------------------+-------+-------+-------+-------++-------
Melee: Short sword       |     5 |       |       |       ||     5
       Whip              |       |     9 |    22 |       ||    31
       Punch             |       |       |     1 |       ||     1
 Fire: Fustibalus        |       |       |       |    80 ||    80
 Cast: Magic Dart        |    90 |    69 |    88 |     7 ||   254
       Searing Ray       |     3 |    24 |    75 |     5 ||   107
       Iskenderun's Myst |       |       |     7 |    17 ||    24
       Fulminant Prism   |       |       |    28 |    31 ||    59
Evoke: Wand              |       |     1 |    11 |     7 ||    19
  Use: Scroll            |       |     7 |    12 |     5 ||    24
       Potion            |       |       |     5 |     4 ||     9
Armor: Robe              |     4 |     5 |    75 |    20 ||   104
Dodge: Dodged            |    17 |    17 |   105 |    42 ||   181

Table legend: (Time is in decaauts)
 A = Elapsed time spent in this place.
 B = Non-inter-level travel time spent in this place.
 C = Inter-level travel time spent in this place.
 D = Time resting spent in this place.
 E = Time spent auto-exploring this place.
 F = Levels seen in this place.
 G = Mean time per level.
                   A        B        C        D        E       F      G
               +--------+--------+--------+--------+--------+-----+--------+
         Total |  17332 |  16648 |    684 |   1959 |  11735 |  14 | 1238.0 |
       Dungeon |  16452 |  15810 |    642 |   1922 |  11097 |  12 | 1371.0 |
        Temple |    298 |    256 |     42 |      0 |    236 |   1 |  298.0 |
       Ossuary |    581 |    581 |      0 |     37 |    402 |   1 |  581.0 |
               +--------+--------+--------+--------+--------+-----+--------+

Top non-repeatable levels by time:
     D:8: 3109 daAuts
     D:7: 2775 daAuts
     D:5: 2164 daAuts
     D:4: 1819 daAuts
     D:1: 1646 daAuts
     D:6: 1241 daAuts
     D:3: 1111 daAuts
     D:2: 940 daAuts
     D:9: 918 daAuts
    D:11: 636 daAuts
 Ossuary: 581 daAuts
  Temple: 298 daAuts
    D:10: 85 daAuts
    D:13: 3 daAuts
